 Dungeon Crawl Stone Soup version 0.28-a0-1524-ge72afd5fc6 (webtiles) character file.

Game seed: 1947892783837482463

176 frimble the Grasshopper (level 5, -1/40 HPs)
             Began as a Demonspawn Warper on Jan 18, 2022.
             Slain by a hound (5 damage)
             ... on level 5 of the Dungeon.
             The game lasted 00:03:24 (3770 turns).

frimble the Grasshopper (Demonspawn Warper)         Turns: 3770, Time: 00:03:25

Health: -1/40      AC:  3    Str: 11    XL:     5   Next: 30%
Magic:  6/8        EV: 12    Int: 16    God:
Gold:   74         SH:  0    Dex: 13    Spells: 6/8 levels left

rFire   . . .      SeeInvis .   h - +1 rapier
rCold   . . .      Faith    .   (no shield)
rNeg    . . .      Spirit   .   b - +0 leather armour
rPois   .          Reflect  .   (no helmet)
rElec   .          Harm     .   (no cloak)
rCorr   .          Rampage  .   (no gloves)
Will    .....                   (no boots)
Stlth   ..........              j - amulet of the acrobat
HPRegen 0.13/turn               (no ring)
MPRegen 0.11/turn               (no ring)

@: silenced
A: hooves 2
a: no special abilities


You were on level 5 of the Dungeon.
You visited 1 branch of the dungeon, and saw 5 of its levels.

You collected 129 gold pieces.
You spent 55 gold pieces at shops.

Inventory:

Hand Weapons
 a - a +0 short sword
 h - a +1 rapier (weapon)
Missiles
 d - 4 boomerangs of dispersal (quivered)
Armour
 b - a +0 leather armour (worn)
Jewellery
 j - an amulet of the acrobat (around neck)
Scrolls
 e - a scroll of enchant weapon
 g - 4 scrolls of teleportation {unknown}
 i - a scroll of vulnerability {unknown}
 k - a scroll of torment {unknown}
 l - a scroll of magic mapping


   Skills:
 + Level 2.8 Fighting
 + Level 2.5 Short Blades
 + Level 1.9 Throwing
 - Level 1.5 Armour
 + Level 2.6 Dodging
 - Level 2.4 Spellcasting
 + Level 3.3 Translocations


You had 6 spell levels left.
You knew the following spells:

 Your Spells              Type           Power      Damage    Failure   Level
a - Blink                 Tloc           24%        N/A       10%         2

Your spell library contained the following spells:

 Spells                   Type           Power      Damage    Failure   Level
 Gell's Gravitas          Tloc           12%        N/A       21%         3
 Lesser Beckoning         Tloc           12%        N/A       21%         3
 Teleport Other           Tloc           12%        N/A       21%         3
 Pain                     Necr           4%         1d4       26%         1
 Manifold Assault         Tloc           12%        N/A       88%         5
 Agony                    Necr           1%         N/A       100%        5
 Excruciating Wounds      Necr           0%         N/A       100%        5


Dungeon Overview and Level Annotations

Branches:
Dungeon (5/15)
 Temple: D:4-7

Altars:

Shops:
D:2 ?   D:4 *

Annotations:
D:2 Terence
D:5 Edmund


Innate Abilities, Weirdness & Mutations

You have hoof-like feet.


Message History

The scorpion misses you. The ogre misses you. The hobgoblin hits you.
* * * LOW HITPOINT WARNING * * *
Casting: Blink (safe; 10% risk of failure)
Confirm with . or Enter, or press ? or * to list all spells.
You blink.
You feel stable enough to blink again.
The hobgoblin rages.
There is a stone staircase leading down, spattered with blood here.
You see here a jackal corpse.
The scorpion misses you.
You climb downwards.
The adder hisses angrily.
Found 7 gold pieces.
There is a stone staircase leading up here.
Blink to where?
Press: ? - help, Dir - move target An iguana comes into view.
Found a short sword, a scroll of blinking and 10 gold pieces.
As you read the scroll of blinking, it crumbles to dust.
You aren't carrying any potions.
As you read the scroll labelled JARGHE NOISENIW, it crumbles to dust.
It is a scroll of enchant weapon.
Your +0 rapier glows red for a moment.
Casting: Blink (safe; 10% risk of failure)
Confirm with . or Enter, or press ? or * to list all spells.
You blink.
As you read the scroll labelled QAEWOR ZINUOGH, it crumbles to dust.
A profound silence engulfs you.
It was a scroll of silence.
Magic scrolls do not work when you're silenced!
You feel stable enough to blink again.
Found a stone staircase leading up.
Found 17 stones.
A hound comes into view.
An orc comes into view. It is wielding a +0 hand axe.
An adder comes into view. 2 orcs come into view.
The hound completely misses you.
There is a stone staircase leading up here.
The hound bites you.
You die... o

.. # .o. # # .o.. ##.#
####..... .#.#
##..S..... ...#
##.@##.....
...###########...h...#
.................###.#
....# ###.###........#
............##l.##....(.
...######.#.##.## .#....
...# ##..l.....# . ###
..####.......##....##
.........##### ..###


You could see an iguana, a hound, an orc priest (wandering), an adder and 2
orcs.

Vanquished Creatures
  A hound (D:4)
  Jessica (D:2)
  6 adders
  An ufetubus (D:4)
  3 worms
  A dart slug (D:1)
  4 bats
  3 endoplasms
  2 giant cockroaches
  A goblin (D:1)
  5 hobgoblins
  5 jackals
  6 kobolds
  2 quokkas
  6 ball pythons
  6 rats
53 creatures vanquished.

Vanquished Creatures (others)
  5 plants (D:4)
5 creatures vanquished.

Grand Total: 58 creatures vanquished

Notes
Turn   | Place    | Note
-------+----------+-------------------------------------------
     0 | D:1      | frimble the Demonspawn Warper began the quest for the Orb.
     0 | D:1      | Reached XP level 1. HP: 16/16 MP: 3/3
   466 | D:1      | Reached skill level 1 in Throwing
   654 | D:1      | Reached skill level 1 in Armour
   815 | D:1      | Gained mutation: You have large cloven feet. [demonic
                  | ancestry]
   815 | D:1      | Reached XP level 2. HP: 18/22 MP: 5/5
  1514 | D:2      | Found Hisiowy's Magic Scroll Shop.
  1527 | D:2      | Bought a scroll of magic mapping for 35 gold pieces
  1527 | D:2      | Bought a scroll of identify for 20 gold pieces
  1618 | D:2      | Noticed Jessica
  1623 | D:2      | Killed Jessica
  1624 | D:2      | Reached XP level 3. HP: 27/27 MP: 6/6
  1651 | D:2      | Learned a level 2 spell: Blink
  1726 | D:2      | Reached skill level 3 in Translocations
  1938 | D:2      | Reached XP level 4. HP: 25/34 MP: 7/7
  2254 | D:2      | Noticed Terence
  2935 | D:3      | Found a faded altar of an unknown god.
  3553 | D:4      | Gained mutation: You have hoof-like feet. [demonic
                  | ancestry]
  3553 | D:4      | Reached XP level 5. HP: 24/39 MP: 8/8
  3738 | D:4      | Noticed an ogre
  3739 | D:4      | Found Putecsig's Elemental Accessories.
  3743 | D:4      | HP: 1/40 [hobgoblin (4)]
  3751 | D:5      | Entered Level 5 of the Dungeon
  3751 | D:5      | Noticed Edmund
  3770 | D:5      | Slain by a hound

Illustrated notes

Levels and vault maps discovered:
D:1:      sevenhm_arrival_forest_fort_large_2, layout_basic, minmay_surrounded
D:2:      layout_loops_ring, basic_altar, serial_shops, shop, uniq_jessica,
          uniq_terence
D:3:      layout_basic, hellmonk_ecumenical_altar_blasted
D:4:      layout_rooms, nicolae_uskayaw_dance_hall, vehumet_statue,
          minmay_temple_entry_butterflies, serial_forest,
          infiniplex_forest_clump_long, infiniplex_forest_clump_cross,
          infiniplex_forest_end_3, infiniplex_forest_zigzag_1,
          infiniplex_forest_zigzag_2, infiniplex_forest_straight_4,
          infiniplex_forest_clump_C, nicolae_elemental_shop, interstate_on_off,
          uniq_menkaure
D:5:      layout_rooms, grunt_temple_overflow_cloverleaf, serial_shops,
          nicolae_shop_hallway_stairs, lightli_minifort, uniq_edmund

Skill      XL: |  1  2  3 |
---------------+----------+-----
Throwing       | 1 |  1.9
Armour         | 1 |  1.5
Short Blades   | 2 |  2.5
Dodging        | 2 |  2.6
Translocations | 3 |  3.3
Fighting       | |  2.8
Spellcasting   | |  2.4

Action                   |  1- 3 |  4- 6 || total
-------------------------+-------+-------++-------
Melee: Short sword       |    97 |    40 ||   137
       Punch             |     2 |       ||     2
       Kick              |    19 |    23 ||    42
       Rapier            |       |    62 ||    62
Throw: Boomerang         |       |     1 ||     1
 Cast: Blink             |       |     7 ||     7
  Use: Scroll            |     2 |     3 ||     5
       Potion            |       |     1 ||     1
 Stab: Sleeping          |     1 |     2 ||     3
Armor: Leather armour    |    24 |    28 ||    52
Dodge: Dodged            |    77 |    79 ||   156

Table legend: (Time is in decaauts)
 A = Elapsed time spent in this place.
 B = Non-inter-level travel time spent in this place.
 C = Inter-level travel time spent in this place.
 D = Time resting spent in this place.
 E = Time spent auto-exploring this place.
 F = Levels seen in this place.
 G = Mean time per level.
                   A        B        C        D        E       F      G
               +--------+--------+--------+--------+--------+-----+--------+
         Total |   3775 |   3673 |    102 |    281 |   2880 |   5 |  755.0 |
       Dungeon |   3775 |   3673 |    102 |    281 |   2880 |   5 |  755.0 |
               +--------+--------+--------+--------+--------+-----+--------+

Top non-repeatable levels by time:
     D:1: 1880 daAuts
     D:3: 855 daAuts
     D:2: 776 daAuts
     D:4: 245 daAuts
     D:5: 18 daAuts
